 Dungeon Sprint DCSS version 0.28.0-43-g3370ac3207 (webtiles) character file.

Game seed: 3187336831504062453

783 boopmooplesden the Cleaver (level 7, -19/78 HPs)
             Began as a Minotaur Berserker on Mar 15, 2022.
             Was a Priest of Trog.
             Demolished by an ice devil (21 damage)
             ... summoned by a kobold demonologist
             ... in the Dungeon (Sprint I: "Red Sonja").
             The game lasted 00:00:44 (477 turns).

boopmooplesden the Cleaver (Minotaur Berserker)      Turns: 477, Time: 00:00:45

Health: -19/78     AC:  6    Str: 22    XL:     7   Next: 55%
Magic:  6/6        EV: 13    Int:  4    God:    Trog [***...]
Gold:   270        SH:  0    Dex: 11    Spells: 6/6 levels left

rFire   . . .      SeeInvis .   a - +0 hand axe
rCold   . . .      Faith    .   (no shield)
rNeg    . . .      Spirit   .   j - +0 ring mail
rPois   .          Reflect  .   (helmet restricted)
rElec   .          Harm     .   (no cloak)
rCorr   .          Rampage  .   (no gloves)
Will    .....      NoTele   +   (no boots)
Stlth   +.........              (no amulet)
HPRegen 0.23/turn               (no ring)
MPRegen 0.10/turn               (no ring)

@: on berserk cooldown, slowed, very slow
A: horns 2, retaliatory headbutt
a: Renounce Religion, Berserk, Trog's Hand


You were in the Dungeon.
You worshipped Trog.
Trog was most pleased with you.
You visited 1 branch You collected 270 gold pieces.

Inventory:

Hand Weapons
 a - a +0 hand axe (weapon)
Armour
 b - a +0 animal skin
 j - a +0 ring mail (worn)
Wands
 i - a wand of charming (5)
Scrolls
 h - a scroll of blinking
Potions
 c - a potion of curing
 d - a potion of heal wounds
 e - 2 potions of haste
 f - 2 potions of magic
 g - a potion of berserk rage


   Skills:
 + Level 12.3 Fighting
 + Level 13.7 Axes
 + Level 7.0 Armour
 + Level 5.8 Dodging
 + Level 0.3 Stealth


You had 6 spell levels left.
You didn't know any spells.
Your spell library was empty.

Dungeon Overview and Level Annotations

Branches:
Dungeon (1/1)

Altars:
Makhleb
Xom
Jiyva
Lugonu


Innate Abilities, Weirdness & Mutations

You have a pair of horns on your head.
You reflexively headbutt those who attack you in melee.


Message History

Trog appreciates your killing of a magic user.
Your Fighting skill increases to level 12!
Your Axes skill increases to level 13!
Your Armour skill increases to level 7!
The kobold demonologist hits you with a +0 dagger.
The ice devil hits you. The ice devil freezes you!
Things that are here:
a +0 dagger; a +0 robe; a kobold corpse You feel a strong urge to attack something.
You are no longer berserk.
You are exhausted.
You feel yourself slow down.
The kobold demonologist hits you with a +0 dagger.
The ice devil barely misses you.
You hit the kobold demonologist but do no damage.
You hit the ice devil.
The kobold demonologist begins to cast a cantrip, but forgets the words!
The ice devil hits you! The ice devil freezes you!
You hit the kobold demonologist. You headbutt the kobold demonologist!
The kobold demonologist is moderately wounded.
You hit the ice devil but do no damage.
The kobold demonologist hits you but does no damage.
The ice devil barely misses you.
You closely miss the kobold demonologist.
The kobold demonologist is moderately wounded.
You hit the ice devil but do no damage. The ice devil hits you!
The ice devil freezes you!!
* * * LOW HITPOINT WARNING * * *
The kobold demonologist miscasts a cantrip.
You closely miss the kobold demonologist.
The kobold demonologist is moderately wounded.
You slash the ice devil!
The kobold demonologist miscasts a cantrip.
The ice devil misses you.
You hit the kobold demonologist but do no damage.
Your headbutt misses the kobold demonologist.
The kobold demonologist is moderately wounded.
You barely miss the ice devil. The ice devil hits you.
* * * LOW HITPOINT WARNING * * *
The ice devil freezes you!!
You die...

###################
).#.)'..#__#..'...#
..'..#..'..'..#)4.#
#'#####+#__####K@.+
..# #### ##### ###


You could see an ice devil (summoned) and a kobold demonologist.

Vanquished Creatures
  A kobold demonologist (D)
  A slime creature (D)
  Sigmund (D)
  A floating eye (D)
  An ogre (D)
  Ijyb (D)
6 creatures vanquished.

Notes
Turn   | Place    | Note
-------+----------+-------------------------------------------
     0 | D        | boopmooplesden the Minotaur Berserker began the quest for
                  | the Orb.
     0 | D        | Reached XP level 1. HP: 19/19 MP: 0/0
     1 | D        | Noticed Ijyb
    12 | D        | Killed Ijyb
    13 | D        | Reached skill level 5 in Fighting
    13 | D        | Reached skill level 5 in Axes
    13 | D        | Reached XP level 2. HP: 29/29 MP: 1/1
    73 | D        | Noticed an ogre
    77 | D        | Killed an ogre
    78 | D        | Reached skill level 8 in Axes
    78 | D        | Reached XP level 3. HP: 39/39 MP: 2/2
    78 | D        | Reached XP level 4. HP: 47/47 MP: 3/3
   117 | D        | Noticed Sigmund
   123 | D        | Killed Sigmund
   123 | D        | Reached ** piety under Trog
   124 | D        | Reached skill level 10 in Axes
   124 | D        | Reached XP level 5. HP: 57/57 MP: 4/4
   188 | D        | Found a burning altar of Makhleb.
   188 | D        | Found a viscous altar of Jiyva.
   188 | D        | Found a shimmering altar of Xom.
   188 | D        | Found a corrupted altar of Lugonu.
   188 | D        | Noticed a slime creature
   199 | D        | Killed a slime creature
   200 | D        | Reached skill level 10 in Fighting
   200 | D        | Reached skill level 12 in Axes
   200 | D        | Reached skill level 5 in Dodging
   200 | D        | Reached XP level 6. HP: 17/67 MP: 5/5
   463 | D        | Noticed a kobold demonologist
   465 | D        | Noticed a floating eye
   465 | D        | Noticed a kobold demonologist
   467 | D        | Noticed an ice devil
   468 | D        | Killed a floating eye
   469 | D        | Reached XP level 7. HP: 74/74 MP: 6/6
   470 | D        | Killed a kobold demonologist
   470 | D        | Reached *** piety under Trog
   471 | D        | Reached skill level 13 in Axes
   477 | D        | HP: 2/78 [ice devil[a kobold demonologist] (6)]
   477 | D        | Demolished by an ice devil

Illustrated notes

Levels and vault maps discovered:
D:        dungeon_sprint_1 [red_sonja_temple_1, red_sonja_temple_small_1]

Skill      XL: |  1  2  3  4  5  6  7 |
---------------+----------------------+-----
Fighting       | 5 7 9 10 11 12 | 12.3
Axes           | 5 8 10 12 13 | 13.7
Armour         | 3 4 6 7 |  7.0
Dodging        | 3 4 5 |  5.8
Stealth        | |  0.3

Action                   |  1- 3 |  4- 6 |  7- 9 || total
-------------------------+-------+-------+-------++-------
Melee: Hand axe          |     9 |    15 |     7 ||    31
       Headbutt          |     1 |     4 |     1 ||     6
Invok: Berserk           |     2 |     3 |       ||     5
Armor: Ring mail         |       |       |     1 ||     1
Dodge: Dodged            |     4 |     3 |     3 ||    10
